 Dungeon Crawl Stone Soup version 0.19-a0-1384-gbb462ca (console) character file.

1626 flowsnake the Magician (level 8, -2/61 HPs)
             Began as a Black Draconian Ice Elementalist on Sept 3, 2016.
             Was a Follower of Sif Muna.
             Slain by a komodo dragon (20 damage)
             ... on level 7 of the Dungeon.
             The game lasted 00:26:36 (5653 turns).

flowsnake the Magician (DrIE)                       Turns: 5653, Time: 00:26:37

Health: -2/61      AC: 14    Str: 11    XL:     8   Next: 65%
Magic:  6/15       EV: 13    Int: 18    God:    Sif Muna [*.....]
Gold:   325        SH:  4    Dex: 11    Spells: 4 memorised, 7 levels left

rFire  + . .     SeeInvis .     B - +2 scimitar
rCold  . . .     Gourm    .     (armour unavailable)
rNeg   . . .     Faith    .     o - +0 buckler
rPois  .         Spirit   .     (helmet restricted)
rElec  +         Dismiss  .     y - +1 cloak {+Inv}
rCorr  .         Reflect  .     (no gloves)
MR     .....     Harm     .     (no boots)
Stlth  ++........               (no amulet)
                                q - ring of protection from fire
                                g - +5 ring of slaying

@: icy armour, very slightly contaminated, slow
A: breathe lightning, unfitting armour, electricity resistance, cold-blooded, AC
+6
a: Breathe Lightning, Divine Energy, Renounce Religion, Evoke Invisibility


You were on level 7 of the Dungeon.
You worshipped Sif Muna.
Sif Muna was aware of your devotion.
You were not hungry.

You visited 2 branches of the dungeon, and saw 8 of its levels.

You collected 325 gold pieces.

Inventory:

Hand Weapons
 p - a +1 flail of protection
 B - a +2 scimitar (weapon)
Armour
 o - a +0 buckler (worn)
 y - a +1 cloak of invisibility (worn)
Jewellery
 g - a +5 ring of slaying (left hand)
 q - a ring of protection from fire (right hand)
 r - a +3 ring of dexterity
Wands
 u - a wand of iceblast (5/15)
 w - a wand of polymorph (10/24)
 D - a wand of polymorph (20/24)
Scrolls
 d - 2 scrolls of recharging
 f - 2 scrolls of enchant armour
 h - a scroll of fear
 s - 2 scrolls of remove curse
 t - 2 scrolls of teleportation
Potions
 e - a potion of curing
 i - a potion of agility
 k - a potion of invisibility
 l - a potion of might {unknown}
 n - a potion of flight {unknown}
 v - a potion of haste
 z - 2 potions of degeneration {unknown}
 A - a potion of cancellation {unknown}
Books
 a - a book of Frost

   Spells                             Type                      Level
   a - Freeze                         Ice                          1
   b - Throw Frost                    Conjuration/Ice              2
   c - Ozocubu's Armour               Charms/Ice                   3
   d - Throw Icicle                   Conjuration/Ice              4
   e - Summon Ice Beast               Ice/Summoning                4
Comestibles
 b - 2 bread rations
 c - a meat ration


   Skills:
 - Level 2.1 Fighting
 - Level 3.1 Maces & Flails
 - Level 2.8 Dodging
 - Level 1.7 Stealth
 - Level 4.2 Shields
 + Level 5.0 Spellcasting
 - Level 1.0 Conjurations
 + Level 4.0 Charms
 + Level 4.1 Summonings
 + Level 4.4 Ice Magic


You had 7 spell levels left.
You knew the following spells:

 Your Spells              Type           Power        Failure   Level  Hunger
a - Freeze                Ice            ###.         1%          1    None
b - Throw Frost           Conj/Ice       ##....       10%         2    #......
c - Ozocubu's Armour      Chrm/Ice       ###.....     10%         3    ##.....
d - Summon Ice Beast      Ice/Summ       ###.....     24%         4    ####...


Dungeon Overview and Level Annotations

Branches:
Dungeon (7/15)             Temple (1/1) D:4

Altars:
Ashenzari
Cheibriados
Dithmenos
Elyvilon
Fedhas
Gozag
Hepliaklqana
Kikubaaqudgha
Makhleb
Nemelex Xobeh
Okawaru
Qazlal
Ru
Sif Muna
Trog
Uskayaw
Vehumet
Xom
Yredelemnul
Zin
The Shining One


Innate Abilities, Weirdness & Mutations

You can breathe wild blasts of lightning.
Your glossy black scales are hard. (AC +6)
Your body does not fit into most forms of armour.
You are resistant to electric shocks. (rElec)
You are cold-blooded and may be slowed by cold attacks.


Message History

Casting: Ozocubu's Armour
Confirm with . or Enter, or press ? or * to list all spells.
A film of ice covers your body!
Casting: Ozocubu's Armour
Confirm with . or Enter, or press ? or * to list all spells.
Aiming: Freeze
Press: ? - help, Shift-Dir - straight line, f/p - komodo dragon
Aim: a komodo dragon (lightly wounded, slow)
You freeze the komodo dragon.
The komodo dragon seems to slow down.
The komodo dragon is moderately wounded.
The komodo dragon misses you.
Casting: Freeze
Confirm with . or Enter, or press ? or * to list all spells.
Aiming: Freeze
Press: ? - help, Shift-Dir - straight line, f/p - komodo dragon
Aim: a komodo dragon (moderately wounded, slow)
You freeze the komodo dragon.
The komodo dragon seems to slow down.
The komodo dragon is heavily wounded.
The komodo dragon bites you!!
You die...

·█······██·············█
█·████················█
········█··········█···█
█·······█·██··█·███████
···················█···█ █·············█·█
···███········█████████ █···(····███··█·█ ·
███··)······████ ████········█····█·█ ··
█···········█ ·· ·$ █(·······█·██·█·█ ···
█··)···████·█ ·███· █········█·██·█·█
····█······█ █·█ █···█ █······█······█·█
···········████·█ █···█ █······███····█·█
·····█·······██·█ █···█
█········████·█·███████
·····█·······██∆█████·█████······█·█
█··········█
·····█·)············█············█·█
█··█·████·██
·····█····██········█·█··········█·███··█·█
█·█ ···
█···············█·█··········█·l····█·█ █·█
█···············█·█████······█d·······█ █·█
█············██···█ █·············███ █·█
█·······████████··█ █··········<··█ █·█
█·······█ █··█ █······█████··█ █·█
█·······█ █··█ █·██████ █··█ █·█ █·······█
█··████████████████··█ █·█


█████████ ██>···············█··█ █·█ ████████████████·█··██████·█
██████·█·········█ ··········█████████ ███████·███ █·█ █·█ █·█ █·█ You could see
a komodo dragon.

Vanquished Creatures
  3 hungry ghosts (D:7)
  2 hippogriffs (D:7)
  A phantom (D:4)
  2 centaurs (D:7)
  A scorpion (D:4)
  4 wights (D:7)
  A howler monkey (D:4)
  A giant frog zombie (D:7)
  Crazy Yiuf (D:3)
  A giant frog skeleton (D:7)
  2 iguanas
  Terence (D:2)
  3 worker ants (D:4)
  A killer bee zombie (D:5)
  Robin (D:3)
  9 adders
  An ooze (D:3)
  A worm (D:4)
  5 dart slugs
  7 giant geckos
  14 orcs
  4 giant cockroaches (D:3)
  14 goblins
  13 hobgoblins
  4 jackals
  12 kobolds
  3 quokkas
  A ball python (D:3)
  12 bats
  4 giant newts
  A quokka skeleton (D:3)
  9 rats
139 creatures vanquished.

Notes
Turn   | Place    | Note
-------+----------+-------------------------------------------
     0 | D:1      | flowsnake the Draconian Ice Elementalist began the quest for the Orb.
     0 | D:1      | Reached XP level 1. HP: 14/14 MP: 3/3
   239 | D:1      | Reached XP level 2. HP: 20/20 MP: 1/5
   243 | D:1      | Learned a level 2 spell: Throw Frost
   908 | D:1      | Reached XP level 3. HP: 27/27 MP: 6/6
   913 | D:1      | Learned a level 3 spell: Ozocubu's Armour
  1181 | D:2      | Noticed Terence
  1196 | D:2      | Killed Terence
  1196 | D:2      | Reached XP level 4. HP: 22/34 MP: 0/7
  1270 | D:2      | Reached skill level 1 in Fighting
  1348 | D:2      | Reached skill level 1 in Shields
  1825 | D:3      | Noticed Robin
  1840 | D:3      | Reached skill level 1 in Charms
  1928 | D:3      | Reached XP level 5. HP: 40/40 MP: 7/9
  1999 | D:3      | Killed Robin
  2493 | D:3      | Found a runed door.
  2499 | D:3      | Noticed Crazy Yiuf
  2509 | D:3      | Killed Crazy Yiuf
  2882 | D:3      | Reached skill level 3 in Spellcasting
  2961 | D:4      | Noticed a phantom
  3024 | D:4      | Reached skill level 1 in Maces & Flails
  3024 | D:4      | Reached XP level 6. HP: 42/48 MP: 10/10
  3309 | D:4      | Found a staircase to the Ecumenical Temple.
  3314 | Temple   | Entered the Ecumenical Temple
  4117 | D:4      | Found an iron altar of Okawaru.
  4238 | D:4      | Your scales start taking on a glossy black colour.
  4238 | D:4      | Reached XP level 7. HP: 55/55 MP: 11/11
  4238 | D:4      | Gained mutation: You are resistant to electric shocks. (rElec) [Black Draconian growth]
  4290 | Temple   | Became a worshipper of Sif Muna the Loreminder
  4333 | D:5      | Entered Level 5 of the Dungeon
  4377 | D:5      | You fall through a shaft for 2 floors!
  4704 | D:7      | Learned a level 4 spell: Summon Ice Beast
  4746 | D:7      | Noticed a hippogriff
  4764 | D:7      | Killed a hippogriff
  4764 | D:7      | Reached skill level 1 in Summonings
  5009 | D:7      | Reached XP level 8. HP: 48/61 MP: 13/13
  5101 | D:7      | Reached * piety under Sif Muna
  5101 | D:7      | Reached skill level 4 in Spellcasting
  5278 | D:7      | Noticed a komodo dragon
  5322 | D:7      | Reached skill level 5 in Spellcasting
  5329 | D:7      | HP: 1/61 [komodo dragon (18)]
  5653 | D:7      | Slain by a komodo dragon

Vault maps used:
D:1:      dpeg_arrival_lava_temple_mockup, minmay_tetromino_i4
D:2:      minivault_14, uniq_terence
D:3:      wad_river_or_something, uniq_crazy_yiuf_cottage, uniq_robin
D:4:      serial_co_window_serial, co_window_of_opportunity_a,
          co_window_of_opportunity_a, co_window_corner_a, co_window_cross_1,
          co_window_of_opportunity_a, co_window_unsneaky_path_e,
          co_window_cross_4, co_window_corner_b, co_window_paths_c,
          co_window_4corner_a, co_window_paths_e, glass_columns_a,
          glass_columns_b, glass_columns_c, okawaru_altar_gauntlet_db
D:5:      first_bread
D:6:      lemuel_blue_sif_altar, uniq_pikel
D:7:      minmay_blocky_corners
Temple:   compressed_dpeg_triangle_lava_temple

Skill      XL: |  1  2  3  4  5  6  7  8 |
---------------+-------------------------+-----
Dodging        | 2 |  2.8
Fighting       | 1 2 |  2.1
Shields        | 1 2 3 4 |  4.2
Charms         | 1 2 3 4 |  4.0
Spellcasting   | 3 5 |  5.0
Maces & Flails | 1 2 3 |  3.1
Summonings     | 2 4 |  4.1
Ice Magic      | 4 |  4.4
Stealth        | |  1.7
Conjurations   | |  1.0

Action                   |  1- 3 |  4- 6 |  7- 9 || total
-------------------------+-------+-------+-------++-------
Melee: Unarmed           |    17 |       |       ||    17
       Tailslap          |     6 |    20 |    12 ||    38
       Whip              |    22 |       |       ||    22
       Spear             |    39 |     2 |       ||    41
       Flail             |       |   232 |    89 ||   321
       Scimitar          |       |       |    48 ||    48
 Cast: Freeze            |    17 |     5 |     6 ||    28
       Ozocubu's Armour  |     1 |     6 |     5 ||    12
       Summon Ice Beast  |       |       |     1 ||     1
 Abil: Breathe Lightning |       |       |     1 ||     1
  Use: Scroll            |     4 |    10 |     1 ||    15
       Potion            |       |       |     1 ||     1
 Stab: Sleeping          |     2 |     4 |     3 ||     9
  Eat: Chunk             |     1 |    11 |     8 ||    20
       Meat ration       |       |       |     1 ||     1
       Royal jelly       |       |       |     1 ||     1
       Pizza             |       |       |     1 ||     1
Armor: Skin              |    53 |   106 |    81 ||   240
Dodge: Dodged            |    87 |   164 |    88 ||   339
Block: Buckler           |     2 |    57 |    26 ||    85
